 Dungeon Crawl Stone Soup version 0.30-a0-737-gf23d94013f (webtiles) character file.

Game seed: 4013366324440191630

256 sircluck the Shield-Bearer (level 5, -11/47 HPs)
             Began as a Minotaur Fighter on Feb 1, 2023.
             Was a Follower of Qazlal.
             Killed by divine providence
             ... invoked by an orc priest
              (13 damage)
             ... on level 4 of the Dungeon.
             The game lasted 00:06:52 (2490 turns).

sircluck the Shield-Bearer (Minotaur Fighter)       Turns: 2490, Time: 00:06:53

Health: -11/47     AC: 10    Str: 22    XL:     5   Next: 92%
Magic:  0/4        EV: 10    Int:  5    God:    Qazlal [*.....]
Gold:   136        SH:  0    Dex: 10    Spells: 4/4 levels left

rFire   . . .      SeeInvis .    E - +5 hand axe
rCold   . . .      Faith    .    c - +0 buckler
rNeg    . . .      Spirit   +    b - +0 scale mail
rPois   .          Reflect  .    (helmet restricted)
rElec   .          Harm     .    (no cloak)
rCorr   .          Rampage  .    (no gloves)
Will    .....                    e - +2 pair of boots {Fly} Stlth
                                 l - amulet of guardian spirit
HPRegen 0.27/turn                (no ring)
MPRegen 0.09/turn                (no ring)

@: confused, flying
A: horns 2, retaliatory headbutt
a: Renounce Religion


You were on level 4 of the Dungeon.
You worshipped Qazlal.
Qazlal was aware of your devotion.
You visited 2 branches of the dungeon, and saw 5 of its levels.

You collected 136 gold pieces.

Inventory:

Hand Weapons
 a - a +0 long sword
 s - a +0 rapier of speed
 E - a +5 hand axe (weapon)
 F - a +4 halberd
 G - a +3 falchion
Missiles
 f - 3 large rocks
 o - 9 boomerangs
 p - 18 stones
 t - 3 javelins
Armour
 b - a +0 scale mail (worn)
 c - a +0 buckler (worn)
 e - a +2 pair of boots of flying (worn)
 g - a +0 ring mail
 j - a +0 helmet
 y - a +0 pair of gloves
Jewellery
 l - an amulet of guardian spirit (around neck)
Wands
 u - a wand of iceblast (6)
 B - a wand of paralysis (7)
 H - a wand of light (15)
Scrolls
 h - a scroll of poison {unknown}
 k - 2 scrolls of fear {unknown}
 m - 3 scrolls of teleportation {unknown}
 n - 4 scrolls of identify {unknown}
 r - a scroll of enchant armour {unknown}
 v - a scroll of acquirement {unknown}
 x - a scroll of magic mapping {unknown}
 C - a scroll of silence {unknown}
Potions
 d - a potion of might
 i - a potion of cancellation
 q - a potion of magic
 w - a potion of attraction {unknown}
 z - a potion of curing {unknown}
 A - a potion of heal wounds {unknown}
 D - a potion of haste {unknown}


   Skills:
 + Level 4.4 Fighting
 + Level 4.1 Long Blades
 + Level 4.9 Armour
 + Level 2.0 Dodging
 + Level 0.6 Stealth
 + Level 5.1 Shields


You had 4 spell levels left.
You didn't know any spells.
Your spell library was empty.

Dungeon Overview and Level Annotations

Branches:
Dungeon (4/15)             Temple (1/1) D:4

Altars:
Elyvilon
Fedhas
Hepliaklqana
Qazlal
Ru
Wu Jian
Xom
Yredelemnul
Zin


Innate Abilities, Weirdness & Mutations

You have a pair of horns on your head.
You reflexively headbutt those who attack you in melee.


Message History

Something hits you.
* * * LOW HITPOINT WARNING * * *
The orc hits you but does no damage. The orc misses you.
You miss the orc. You headbutt the orc, but do no damage.
You closely miss the orc. You completely miss the orc.
The orc hits you with a +0 hand axe.
* * * LOW HITPOINT WARNING * * *
The orc hits you with a +0 hand axe.
* * * LOW HITPOINT WARNING * * *
The orc priest attacks as you move away!
The orc priest hits you with a +0 hand axe.
* * * LOW HITPOINT WARNING * * *
The orc closely misses you.
You hear some strange, mumbled words.
A magic dart appears from out of thin air!
The magic dart hits you but does no damage.
You slash the orc!
You kill the orc!
Qazlal accepts your kill.
You miss the orc. You hit something.
You hit the orc priest but do no damage.
Something hits you.
* * * LOW HITPOINT WARNING * * *
The orc priest begins to cast a cantrip, but forgets the words!
You miss the orc. You miss something. You completely miss the orc priest.
You slash the orc!
You kill the orc!
Qazlal accepts your kill.
The orc priest looks satisfied for a moment.
The orc completely misses you. Something hits you but does no damage.
The orc priest barely misses you. Something hits you but does no damage.
The orc barely misses you.
You closely miss the orc. You miss the orc priest. You miss something.
The orc hits you with a +0 hand axe.
* * * LOW HITPOINT WARNING * * *
Something hits you.
* * * LOW HITPOINT WARNING * * *
The orc priest invokes the aid of Beogh against you.
Beogh smites you!
You die...

.<.................
..###.##.#########..
........####### #..
.###........... +..
# #...........# #..
#. #.#########.. #..
#.##........ #..
#..)o.#...#. #..
###@{.......
#)o.......
#.........
#...#...#.
#.........
#..####### #... ....
....


You could see an orc priest and an orc.

Vanquished Creatures
  2 wights (D:4)
  An orc wizard (D:3)
  4 adders
  2 worms
  2 dart slugs (D:1)
  6 orcs
  6 bats
  5 endoplasms
  2 giant cockroaches
  7 goblins
  3 hobgoblins
  10 jackals
  4 quokkas
  4 ball pythons
  9 kobolds
  4 rats
71 creatures vanquished.

Notes
Turn   | Place    | Note
-------+----------+-------------------------------------------
     0 | D:1      | sircluck the Minotaur Fighter began the quest for the Orb.
     0 | D:1      | Reached XP level 1. HP: 19/19 MP: 0/0
   216 | D:1      | Reached skill level 4 in Shields
   234 | D:1      | Reached XP level 2. HP: 27/27 MP: 1/1
   534 | D:1      | Reached XP level 3. HP: 33/33 MP: 2/2
   958 | D:2      | Reached XP level 4. HP: 38/40 MP: 3/3
  1215 | D:2      | Found a faded altar of an unknown god.
  1221 | D:2      | Reached skill level 1 in Dodging
  1246 | D:2      | Prayed at the altar of an unknown god.
  1246 | D:2      | Became a worshipper of Qazlal Stormbringer
  1246 | D:2      | Reached * piety under Qazlal
  1993 | D:4      | Found a staircase to the Ecumenical Temple.
  2008 | Temple   | Entered the Ecumenical Temple
  2189 | D:4      | Reached XP level 5. HP: 43/46 MP: 4/4
  2412 | D:4      | Reached skill level 5 in Shields
  2490 | D:4      | HP: 2/47 [something (2)]
  2490 | D:4      | Killed from afar by an orc priest

Illustrated notes

Levels and vault maps discovered:
D:1:      dreamdust_arrival_beginning_and_end, layout_basic, minmay_pentomino_r4
D:2:      layout_basic, ebering_ecumenical_altar_mist
D:3:      layout_rooms
D:4:      cheibrodos_pilgrimage, layout_basic,
          mainiacjoe_overflow_surrounded_room, minmay_temple_entry_glassed_door,
          dk_noncrumbling_2
Temple:   nicolae_temple_godpark

Skill      XL: |  1  2  3  4  5 |
---------------+----------------+-----
Shields        | 4 5 |  5.1
Fighting       | 4 |  4.4
Armour         | 4 |  4.9
Long Blades    | 3 4 |  4.1
Dodging        | 1 2 |  2.0
Stealth        | |  0.6

Action                     |  1- 3 |  4- 6 || total
---------------------------+-------+-------++-------
  Melee: Long sword        |    84 |    69 ||   153
         Headbutt          |    10 |    12 ||    22
         Hand axe          |       |     5 ||     5
  Evoke: Wand              |       |     1 ||     1
    Use: Potion            |     2 |       ||     2
   Stab: Paralysed         |       |     5 ||     5
 Armour: Scale mail        |    65 |    55 ||   120
  Dodge: Dodged            |    56 |    35 ||    91
  Block: Buckler           |    36 |    27 ||    63

Table legend: (Time is in decaauts)
 A = Elapsed time spent in this place.
 B = Non-inter-level travel time spent in this place.
 C = Inter-level travel time spent in this place.
 D = Time resting spent in this place.
 E = Time spent auto-exploring this place.
 F = Levels seen in this place.
 G = Mean time per level.
                   A        B        C        D        E       F      G
               +--------+--------+--------+--------+--------+-----+--------+
         Total |   2535 |   2456 |     79 |     80 |   1132 |   5 |  507.0 |
       Dungeon |   2379 |   2300 |     79 |     80 |   1010 |   4 |  594.8 |
        Temple |    155 |    155 |      0 |      0 |    122 |   1 |  155.0 |
               +--------+--------+--------+--------+--------+-----+--------+

Top non-repeatable levels by time:
     D:1: 851 daAuts
     D:2: 575 daAuts
     D:3: 557 daAuts
     D:4: 395 daAuts
  Temple: 155 daAuts
